 Dungeon Crawl Stone Soup version 0.30-a0-722-g3e6e8c874d (console) character file.

Game seed: 7616214392993131173

22646 jejorda2 the Impaler (level 13, -2/103 HPs)
             Began as a Merfolk Berserker on Jan 27, 2023.
             Was a High Priest of Trog.
             Killed by divine providence
             ... invoked by a meliai
              (12 damage)
             ... on level 3 of the Lair of Beasts.
             The game lasted 00:32:37 (14903 turns).

jejorda2 the Impaler (Merfolk Berserker)           Turns: 14903, Time: 00:32:38

Health: -2/103     AC: 17    Str: 22    XL:     13   Next: 1%
Magic:  13/13      EV: 15    Int: 12    God:    Trog [*****.]
Gold:   1102       SH:  0    Dex: 13    Spells: 12/12 levels left

rFire   . . .      SeeInvis .    a - +0 glaive
rCold   + . .      Faith    .    (shield currently unavailable)
rNeg    . . .      Spirit   .    S - +0 chain mail "Loxtomom" {Fly rElec Regen+}
rPois   .          Reflect  .    c - +2 helmet
rElec   +          Harm     .    q - +0 cloak of the Distant Future {Int+5}
rCorr   .          Rampage  .    M - +0 pair of gloves
Will    .....                    G - +0 pair of boots Stlth
                                 L - amulet of the acrobat
HPRegen 1.17/turn                p - +5 ring of evasion
MPRegen 0.13/turn                n - ring of protection from cold

@: lethally poisoned (-2 -> -3), on berserk cooldown, flying, slowed, very slow
A: (nimble swimmer 2), mertail
a: Renounce Religion, Berserk, Trog's Hand, Brothers in Arms


You were on level 3 of the Lair of Beasts.
You worshipped Trog.
Trog was extremely pleased with you.
You visited 2 branches of the dungeon, and saw 14 of its levels.
You also visited: Ossuary.

You collected 1102 gold pieces.

Inventory:

Hand Weapons
 a - a +0 glaive (weapon)
 b - a +5 trident
Missiles
 j - 130 stones
 s - 30 poisoned darts (quivered)
 z - 5 boomerangs
 B - 5 atropa-tipped darts
 O - 2 curare-tipped darts
Armour
 c - a +2 helmet (worn)
 q - the +0 cloak of the Distant Future (worn) {Int+5}
   (You found it on level 6 of the Dungeon)

   Int:       It affects your intelligence (+5).
 G - a +0 pair of boots (worn)
 M - a +0 pair of gloves (worn)
 S - the +0 chain mail "Loxtomom" (worn) {Fly rElec Regen+}
   (You found it on level 2 of the Lair of Beasts)

   rElec:     It insulates you from electricity.
   Fly:       It grants you flight.
   Regen:     It increases your rate of health regeneration.
Jewellery
 h - a ring of resist corrosion
 n - a ring of protection from cold (right hand)
 p - a +5 ring of evasion (left hand)
 L - an amulet of the acrobat (around neck)
 P - a ring of protection from cold
 T - a ring of protection from fire
 U - the ring "Keacown" {rElec rCorr MP+9 Slay+4}
   (You found it on level 3 of the Lair of Beasts)

   [ring of slaying]

   Slay:      It affects your accuracy & damage with ranged weapons and melee
   (+4).
   rElec:     It insulates you from electricity.
   MP:        It affects your magic capacity (+9).
   rCorr:     It protects you from acid and corrosion.
Wands
 d - a wand of polymorph (21)
 u - a wand of iceblast (21)
 A - a wand of mindburst (12)
 E - a wand of quicksilver (3)
 I - a wand of charming (10)
 J - a wand of digging (5)
Scrolls
 e - 2 scrolls of fog
 f - 4 scrolls of fear
 g - 8 scrolls of teleportation
 y - a scroll of enchant weapon
 C - a scroll of immolation
 H - a scroll of blinking
 K - 2 scrolls of enchant armour
 N - 2 scrolls of magic mapping
 Q - a scroll of silence
Potions
 i - a potion of cancellation
 k - 3 potions of heal wounds
 l - 2 potions of mutation
 m - 3 potions of curing
 o - 5 potions of lignification
 r - 3 potions of berserk rage
 t - 5 potions of might
 v - a potion of flight
 w - 4 potions of haste
 x - 3 potions of ambrosia
 D - 2 potions of attraction
 F - 2 potions of magic {unknown}
Miscellaneous
 R - a tin of tremorstones (1/2)


   Skills:
 + Level 10.2 Fighting
 - Level 20.0 Polearms
 + Level 7.5 Throwing
 - Level 6.0 Armour
 - Level 6.0 Dodging
 - Level 6.0 Evocations


You had 12 spell levels left.
You didn't know any spells.
Your spell library was empty.

Dungeon Overview and Level Annotations

Branches:
Dungeon (11/15)            Temple (0/1) D:4            Lair (3/5) D:10
 Shoals (0/4) Lair:2       Spider (0/4) Lair:3          Orc (0/2) D:11
Ossuary (visited)

Altars:
Fedhas
Makhleb
Qazlal
Vehumet
Yredelemnul
Zin

Annotations:
D:4 1 runed translucent door
D:5 2 runed translucent doors


Innate Abilities, Weirdness & Mutations

((You are very nimble when in or above water. (Stealth+, EV+, Speed+++)))
Your lower body shifts to a powerful aquatic tail in water.


Message History

The burst of rock shards engulfs the basilisk!
You kill the basilisk!
Trog accepts your kill.
The burst of rock shards engulfs the queen bee.
Your skin stops crawling.
You feel less strong-willed.
You feel extremely sick.
You hear an angry buzzing noise. x3; You hear a bellow!
You hear an angry hiss.
You hear an angry buzzing noise.
You hear a bellow!
You hear a trumpeting!
You hear an angry buzzing noise.
You hear a howl! x2; You hear an angry hiss.
You hear an angry buzzing noise.
You have reached level 13!
You slash the queen bee!
The queen bee is severely wounded.
You feel very sick.
You hear a bellow!
The queen bee barely misses you.
You slash the queen bee!
The queen bee is almost dead.
You feel very sick. The queen bee stings you!
You slash the queen bee!
You kill the queen bee!
Trog accepts your kill.
You feel very sick.
You slice the meliai!!
The meliai is almost dead.
You feel sick.
The meliai calls down the wrath of its god upon you.
Something smites you!
* * * LOW HITPOINT WARNING * * *
The meliai hits you but does no damage. The meliai misses you.
The meliai mumbles some strange prayers to its god against you.
Something smites you!
* * * LOW HITPOINT WARNING * * *
You closely miss the meliai.
The meliai is almost dead.
You feel sick.
The meliai mumbles some strange prayers to its god against you.
Something smites you!
You die...

...........#....###.....##
.
.......#.##..≈...#######.
.........##.....##.... ..
.....######....##.#.###.#
..... ###.##.#(.....$ ...
##..#)# ### #...##


yFF## #.#.# y.#y #.#@# yyY # #.#y# y.#.# #.†y## .($ ##.#.###.###?# ##.#......?#
##.#.###.#.# #..... .l#.#### ...### You could see a meliai and a killer bee.

Vanquished Creatures
  A hydra (D:9)
  A boulder beetle (D:11)
  Pikel (D:6)
  An ugly thing (D:10)
  An elephant (Lair:3)
  An ice statue (D:7)
  A black mamba (Lair:3)
  6 cane toads
  A tengu conjurer (D:9)
  A rime drake (Lair:3)
  A queen bee (Lair:3)
  A merfolk (Lair:2)
  4 trolls
  5 blink frogs
  A meliai (Lair:3)
  A shadow (D:9)
  The ghost of yumyumyeen the Sneak, an amateur KoEn of Dithmenos (D:4)
  3 wraiths
  3 wyverns
  An unseen horror simulacrum (D:9)
  28 yaks
  2 vampires
  5 basilisks
  2 steam dragons
  9 water moccasins
  6 orc warriors
  An ice beast (D:8)
  A black bear (D:5)
  11 wolves
  10 centaurs
  2 phantoms (D:4)
  4 kobold brigands
  9 bullfrogs
  Blork the orc (D:6)
  2 necrophages
  A gnoll sergeant (D:6)
  4 scorpions
  10 wights
  23 killer bees
  2 howler monkeys
  2 electric eels
  A lava snake (D:10)
  7 hounds
  2 jellies
  2 gnoll boudas
  5 orc priests
  An iguana (D:5)
  18 orc wizards
  3 hound zombies (Ossuary)
  5 mummies
  4 adders
  7 gnolls (D:6)
  A river rat (D:4)
  4 white imps
  An ufetubus (D:4)
  An adder zombie (Ossuary)
  3 worms
  A dart slug (D:5)
  53 orcs
  3 bats
  11 endoplasms
  10 giant cockroaches
  A gnoll zombie (Ossuary)
  6 hobgoblins
  10 jackals
  A quokka (D:1)
  9 ball pythons
  3 frilled lizards
  9 goblins
  A goblin zombie (Ossuary)
  A jackal zombie (Ossuary)
  19 kobolds
  3 kobold zombies (Ossuary)
  An orc zombie (Ossuary)
  6 rats
  A rat zombie (Ossuary)
385 creatures vanquished.

Vanquished Creatures (collateral kills)
  An orc warrior (D:6)
  A hobgoblin (D:6)
2 creatures vanquished.

Vanquished Creatures (others)
  12 fungi
  29 plants
41 creatures vanquished.

Grand Total: 428 creatures vanquished

Notes
Turn   | Place    | Note
-------+----------+-------------------------------------------
     0 | D:1      | jejorda2 the Merfolk Berserker began the quest for the Orb.
     0 | D:1      | Reached XP level 1. HP: 18/18 MP: 1/1
     1 | D:1      | Found a runed translucent door.
   375 | D:1      | Reached XP level 2. HP: 24/24 MP: 2/2
   741 | D:2      | Reached XP level 3. HP: 30/30 MP: 3/3
   975 | D:2      | Found a stormy altar of Qazlal.
   986 | D:2      | Reached ** piety under Trog
  1115 | D:2      | Found a faded altar of an unknown god.
  1596 | D:1      | Reached XP level 4. HP: 37/37 MP: 4/4
  1977 | D:3      | Found a basalt altar of Yredelemnul.
  2034 | D:3      | Reached skill level 5 in Polearms
  2111 | D:3      | Reached XP level 5. HP: 42/42 MP: 5/5
  2407 | D:3      | Found a burning altar of Makhleb.
  2409 | D:3      | Noticed a cacodemon
  2694 | D:4      | Noticed a phantom
  2708 | D:4      | Killed a phantom
  2709 | D:4      | Reached skill level 6 in Polearms
  2709 | D:4      | Reached XP level 6. HP: 49/49 MP: 6/6
  2732 | D:4      | Found a staircase to the Ecumenical Temple.
  2953 | D:4      | Reached skill level 5 in Dodging
  3079 | D:4      | Reached skill level 7 in Polearms
  3396 | D:4      | Found a runed translucent door.
  3401 | D:4      | Noticed yumyumyeen's ghost (amateur KoEn)
  3492 | D:4      | Found a runed translucent door.
  3806 | D:4      | Reached skill level 5 in Fighting
  3812 | D:4      | Reached XP level 7. HP: 56/56 MP: 7/7
  4019 | D:4      | Killed yumyumyeen's ghost
  4020 | D:4      | Reached skill level 8 in Polearms
  4088 | D:5      | Entered Level 5 of the Dungeon
  4099 | D:5      | Reached skill level 17 in Polearms
  4099 | D:5      | Reached XP level 8. HP: 61/63 MP: 8/8
  4210 | D:5      | Reached *** piety under Trog
  4396 | D:5      | Reached XP level 9. HP: 69/69 MP: 9/9
  4778 | D:5      | Found a runed translucent door.
  4779 | D:5      | Found a runed translucent door.
  5665 | D:6      | Reached skill level 1 in Evocations
  5822 | D:6      | Noticed Blork the orc
  5828 | D:6      | Killed Blork the orc
  6014 | D:6      | Noticed Pikel
  6055 | D:6      | Killed Pikel
  6507 | D:7      | Found a sand-covered staircase.
  6516 | Ossuary  | Entered an ossuary
  6549 | Ossuary  | Reached skill level 18 in Polearms
  6552 | Ossuary  | Reached XP level 10. HP: 76/76 MP: 10/10
  6666 | Ossuary  | Reached **** piety under Trog
  7148 | D:6      | Identified the +0 cloak of the Distant Future {Int+5}
  7804 | D:7      | Noticed an ice statue
  7817 | D:7      | Killed an ice statue
  9312 | D:9      | Reached skill level 5 in Armour
  9485 | D:9      | Noticed a four-headed hydra
  9503 | D:9      | Killed a four-headed hydra
  9504 | D:9      | Reached XP level 11. HP: 79/81 MP: 11/11
  9646 | D:9      | Reached skill level 5 in Evocations
 10302 | D:9      | Reached skill level 19 in Polearms
 10518 | D:10     | Entered Level 10 of the Dungeon
 10756 | D:10     | Noticed a cyan ugly thing
 10764 | D:10     | Killed a cyan ugly thing
 10802 | D:10     | Found a blossoming altar of Fedhas.
 10888 | D:10     | Found a staircase to the Lair.
 11284 | D:10     | Reached skill level 20 in Polearms
 11328 | D:10     | Reached skill level 1 in Throwing
 11677 | D:10     | Found a radiant altar of Vehumet.
 11677 | D:10     | Found a glowing silver altar of Zin.
 11776 | D:11     | Noticed a boulder beetle
 11792 | D:11     | Killed a boulder beetle
 11793 | D:11     | Reached XP level 12. HP: 74/89 MP: 12/12
 11829 | D:11     | Reached ***** piety under Trog
 12271 | D:11     | Found a staircase to the Orcish Mines.
 12600 | Lair:1   | Entered Level 1 of the Lair of Beasts
 13085 | Lair:1   | Reached skill level 5 in Throwing
 13806 | Lair:2   | Identified the +0 chain mail "Loxtomom" {Fly rElec Regen+}
 14058 | Lair:2   | Found a staircase to the Shoals.
 14586 | Lair:3   | Found a hole to the Spider Nest.
 14855 | Lair:3   | Identified the ring "Keacown" {rElec rCorr MP+9 Slay+4}
 14882 | Lair:3   | Reached skill level 10 in Fighting
 14899 | Lair:3   | Reached XP level 13. HP: 48/103 MP: 13/13
 14903 | Lair:3   | Killed from afar by a meliai

Illustrated notes

Levels and vault maps discovered:
D:1:      dpeg_arrival_caged_fury, layout_loops_ring
D:2:      layout_loops_cross, chequers_ecumenical_altar_grove, basic_altar
D:3:      layout_loops_cross, mainiacjoe_overflow_tiny_flanked,
          makhleb_altar_promises_db, hangedman_abyss_or_decor_stabs,
          skrybe_limestone_x
D:4:      layout_basic, minmay_temple_entry_gardened_gates,
          ebering_ghost_sewer_f, lightli_corner_chamber
D:5:      lemuel_insect_pit, layout_basic
D:6:      kennysheep_housing_project, layout_basic, grunt_decor_cap, uniq_pikel,
          uniq_blork_the_orc
D:7:      lemuel_ice_statue, layout_loops_ring, gup_ossuary_entry_pyramid
D:8:      layout_loops_corners, eino_small_chamber_without_monster,
          nicolae_straight_to_the_point
D:9:      nzn_winding_woodlands_small [nzn_winding_woodlands_5x15_twine,
          nzn_winding_woodlands_center_garden,
          nzn_winding_woodlands_5x15_sawtooth], layout_loops_ring,
          glass_columns_a, nicolae_elevator_lobby_plus
D:10:     layout_basic, fedhas_ov_isle_minmay, nicolae_overflow_two_pavilions,
          lair_entry_dummy
D:11:     layout_basic, david_orc_2
Lair:1:   layout_long_grid
Lair:2:   layout_cave_shapes, elwin_shoals_entry_rooms
Lair:3:   regret_index_tunnel_blossom, layout_regular_city, dummy_spider_entry,
          uniq_sonja

Skill      XL: |  1  2  3  4  5  6  7  8  9 10 11 12 |
---------------+-------------------------------------+-----
Dodging        | 3 4 5 6 |  6.0
Armour         | 2 3 5 6 |  6.0
Fighting       | 4 5 6 10 | 10.2
Polearms       | 5 6 7 17 18 20 | 20.0
Evocations     | 2 4 6 |  6.0
Throwing       | 2 7 |  7.5

Action                     |  1- 3 |  4- 6 |  7- 9 | 10-12 | 13-15 || total
---------------------------+-------+-------+-------+-------+-------++-------
  Melee: Spear             |   118 |   226 |     5 |       |       ||   349
         Punch             |       |     4 |     6 |       |       ||    10
         Trident           |       |       |   254 |     9 |       ||   263
         Halberd           |       |       |    81 |    58 |       ||   139
         Tailslap          |       |       |     5 |     2 |       ||     7
         Glaive            |       |       |       |   803 |     5 ||   808
  Throw: Stone             |       |     6 |     6 |     7 |       ||    19
         Dart              |       |       |       |    23 |       ||    23
         Boomerang         |       |       |       |     4 |       ||     4
 Invoke: Berserk           |     2 |     2 |     5 |     9 |       ||    18
         Trog's Hand       |     1 |     2 |     7 |    10 |       ||    20
  Evoke: Tin of tremorston |       |       |       |     1 |       ||     1
    Use: Scroll            |       |       |    14 |    15 |       ||    29
         Potion            |       |       |     3 |       |       ||     3
   Stab: Distracted        |       |       |       |     1 |       ||     1
 Armour: Ring mail         |    10 |       |       |       |       ||    10
         Scale mail        |    14 |    16 |       |       |       ||    30
         Chain mail        |       |    49 |   103 |    51 |     1 ||   204
         Plate armour      |       |       |       |   144 |       ||   144
  Dodge: Dodged            |    47 |    59 |    88 |   398 |     2 ||   594

Table legend: (Time is in decaauts)
 A = Elapsed time spent in this place.
 B = Non-inter-level travel time spent in this place.
 C = Inter-level travel time spent in this place.
 D = Time resting spent in this place.
 E = Time spent auto-exploring this place.
 F = Levels seen in this place.
 G = Mean time per level.
                   A        B        C        D        E       F      G
               +--------+--------+--------+--------+--------+-----+--------+
         Total |  14569 |  13769 |    800 |    988 |  10374 |  15 |  971.3 |
       Dungeon |  12135 |  11396 |    739 |    857 |   8609 |  11 | 1103.2 |
          Lair |   2211 |   2150 |     61 |     79 |   1674 |   3 |  737.0 |
       Ossuary |    222 |    222 |      0 |     51 |     90 |   1 |  222.0 |
               +--------+--------+--------+--------+--------+-----+--------+

Top non-repeatable levels by time:
     D:6: 1581 daAuts
     D:4: 1505 daAuts
     D:5: 1314 daAuts
    D:10: 1254 daAuts
     D:9: 1197 daAuts
  Lair:1: 1093 daAuts
     D:8: 1054 daAuts
     D:1: 981 daAuts
     D:7: 909 daAuts
     D:3: 857 daAuts
  Lair:2: 806 daAuts
    D:11: 763 daAuts
     D:2: 716 daAuts
  Lair:3: 311 daAuts
 Ossuary: 222 daAuts
